 Dungeon Crawl Stone Soup version 0.29-a0-1061-gbc57f8fbdb (webtiles) character file.

Game seed: 13189895533802386817

9 Nedwor the Cutter (level 2, 10/22 HPs)
             Began as a Demonspawn Gladiator on Aug 18, 2022.
             Quit the game on level 1 of the Dungeon.
             The game lasted 00:00:32 (144 turns).

Nedwor the Cutter (Demonspawn Gladiator)             Turns: 144, Time: 00:00:32

Health: 10/22      AC:  4    Str: 14    XL:     2   Next: 3%
Magic:  2/2        EV: 12    Int: 11    God:
Gold:   8          SH:  0    Dex: 14    Spells: 1/1 levels left

rFire   . . .      SeeInvis .   a - +0 rapier
rCold   . . .      Faith    .   (no shield)
rNeg    . . .      Spirit   .   b - +0 leather armour
rPois   .          Reflect  .   c - +0 helmet
rElec   .          Harm     .   (no cloak)
rCorr   .          Rampage  .   (no gloves)
Will    .....                   (no boots)
Stlth   +.........              (no amulet)
HPRegen 0.07/turn               (no ring)
MPRegen 0.08/turn               (no ring)

@: no status effects
A: big brain 1
a: no special abilities


You were on level 1 of the Dungeon.
You visited 1 branch of the dungeon, and saw 1 of its levels.

You collected 8 gold pieces.

Inventory:

Hand Weapons
 a - a +0 rapier (weapon)
Missiles
 d - 3 throwing nets (quivered)
 e - a javelin
Armour
 b - a +0 leather armour (worn)
 c - a +0 helmet (worn)
Scrolls
 f - a scroll of magic mapping {unknown}


   Skills:
 + Level 2.1 Fighting
 * Level 2.9 Short Blades
 - Level 1.7 Throwing
 + Level 0.4 Armour
 + Level 2.8 Dodging


You had one spell level left.
You didn't know any spells.
Your spell library was empty.

Dungeon Overview and Level Annotations

Branches:
Dungeon (1/15)

Altars:


Innate Abilities, Weirdness & Mutations

You have an unusually large brain. (Int +2)


Message History

The endoplasm is moderately wounded.
The frilled lizard hisses angrily.
The bat hits you but does no damage. The endoplasm hits you.
You completely miss the endoplasm.
The endoplasm is moderately wounded.
The bat closely misses you. The endoplasm barely misses you.
The bat attacks as you move away! The bat hits you.
A bat comes into view.
The bat hits you but does no damage. The bat barely misses you.
The bat barely misses you. The endoplasm attacks as you move away!
The endoplasm hits you but does no damage.
The bat closely misses you. The bat hits you but does no damage.
The endoplasm closely misses you. The bat hits you but does no damage.
The bat hits you but does no damage. The bat misses you. The bat misses you.
The bat hits you but does no damage.
You barely miss the bat. The bat completely misses you. The bat misses you.
You hit the bat.
You kill the bat!
You hit the hobgoblin.
You kill the hobgoblin!
You have reached level 2!
Your demonic ancestry asserts itself...
Your brain expands.
You hit the endoplasm but do no damage.
The endoplasm is moderately wounded.
The endoplasm barely misses you.
The endoplasm hits you but does no damage.
You hit the endoplasm.
The endoplasm is severely wounded.
The endoplasm freezes you.
You are frozen.
You barely miss the endoplasm.
The endoplasm is severely wounded.
The endoplasm freezes you.
You are frozen.
Are you sure you want to abandon this character and quit the game? (Confirm with "yes".)

.# #........# ###..##...
.?.#......# .........
.......[># #.......
.........# #......
....###..# ##########......
.........## #...............
..#.......##
#..>............
#........####...............
#.......lgJ@#...........)...
#..##.#####.................
..##.##.###
###..........#####
......†...# #..........# #
##........# #..........# #
#........# #..........#
#........# ############
#........# #........#


You could see an endoplasm, a goblin and a frilled lizard.

Vanquished Creatures
  A bat (D:1)
  An endoplasm (D:1)
  A giant cockroach (D:1)
  A goblin (D:1)
  A hobgoblin (D:1)
  A frilled lizard (D:1)
  A kobold (D:1)
  A rat (D:1)
8 creatures vanquished.

Notes
Turn   | Place    | Note
-------+----------+-------------------------------------------
     0 | D:1      | Nedwor the Demonspawn Gladiator began the quest for the
                  | Orb.
     0 | D:1      | Reached XP level 1. HP: 16/16 MP: 1/1
   141 | D:1      | Gained mutation: You have an unusually large brain. (Int
                  | +2) [demonic ancestry]
   141 | D:1      | Reached XP level 2. HP: 13/22 MP: 2/2
   144 | D:1      | Quit the game

Illustrated notes

Levels and vault maps discovered:
D:1:      sevenhm_arrival_forest_fort_small_3, layout_rooms,
          dreamdust_ecumenical_altar_grove

Action                   || total
-------------------------++-------
Melee: Rapier            ||    35
Armor: Leather armour    ||    22
Dodge: Dodged            ||    29

Table legend: (Time is in decaauts)
 A = Elapsed time spent in this place.
 B = Non-inter-level travel time spent in this place.
 C = Inter-level travel time spent in this place.
 D = Time resting spent in this place.
 E = Time spent auto-exploring this place.
 F = Levels seen in this place.
 G = Mean time per level.
                   A        B        C        D        E       F      G
               +--------+--------+--------+--------+--------+-----+--------+
         Total |    146 |    141 |      5 |      0 |     72 |   1 |  146.0 |
       Dungeon |    146 |    141 |      5 |      0 |     72 |   1 |  146.0 |
               +--------+--------+--------+--------+--------+-----+--------+

Top non-repeatable levels by time:
     D:1: 146 daAuts
